 Dungeon Crawl Stone Soup version 0.17-a0-1685-g57e755e (webtiles) character file.

1956 Gorice the Fighter (level 8, -5/69 HPs)
             Began as a Mummy Wanderer on Aug 19, 2015.
             Was an Elder of Nemelex Xobeh.
             Slain by an ogre
             ... wielding a +0 giant spiked club
              (23 damage)
             ... on level 6 of the Dungeon.
             The game lasted 00:28:32 (6298 turns).

Gorice the Fighter (Mummy Wanderer)                 Turns: 6298, Time: 00:28:32

Health: -5/69      AC: 10    Str: 17    XL:     8   Next: 99%
Magic:  8/8        EV: 10    Int: 16    God:    Nemelex Xobeh [****..]
Gold:   402        SH:  0    Dex: 11    Spells: 0 memorised, 7 levels left

rFire  x . .     SeeInvis .     b - +0 hand crossbow
rCold  + . .     Clarity  .     s - +0 scale mail
rNeg   + + +     SustAt   .     (no shield)
rPois  ∞         Gourm    .     h - +1 hat
rElec  .         Spirit   .     (no cloak)
rCorr  .         Warding  .     (no gloves)
rMut   .         Stasis   .     l - +2 pair of boots
MR     +....                    (no amulet)
Stlth  ++........               m - ring of stealth
                                k - +4 ring of intelligence

@: somewhat resistant to hostile enchantments, unstealthy
A: no food or potions, fire vulnerability, cold resistance 1, negative energy
resistance 3, torment resistance, unbreathing
a: Triple Draw, Deal Four, Renounce Religion


You were on level 6 of the Dungeon.
You worshipped Nemelex Xobeh.
Nemelex Xobeh was greatly pleased with you.
You were not hungry.

You visited 2 branches of the dungeon, and saw 7 of its levels.
You also visited: Ossuary.

You collected 402 gold pieces.

Inventory:

Hand weapons
 a - a +0 scimitar
 b - a +0 hand crossbow (weapon)
 d - a +2 dagger of draining
   (You took it off a goblin on level 1 of the Dungeon)
 p - a +1 dagger of protection
   (You found it on level 4 of the Dungeon)
 r - a +0 dire flail
 z - a +0 battleaxe
Missiles
 x - 29 poisoned needles
 A - 42 bolts
 E - 5 tomahawks
 F - 4 poisoned tomahawks (quivered)
 H - 6 javelins
 Z - 182 stones
Armour
 h - a +1 hat (worn)
 l - a +2 pair of boots (worn)
 s - a +0 scale mail (worn)
Jewellery
 k - a +4 ring of intelligence (left hand)
 m - a ring of stealth (right hand)
 v - an uncursed ring of teleportation
Magical devices
 y - a wand of magic darts (17)
 D - a wand of fire (8)
Scrolls
 c - 3 scrolls of fear {!r}
 e - 8 scrolls of teleportation {!r}
 f - 2 scrolls of identify
 i - 2 scrolls of enchant armour
 j - 3 scrolls of enchant weapon
 n - a scroll of amnesia
 u - 2 scrolls of remove curse
 B - a scroll of blinking
Miscellaneous
 g - a plain deck of destruction
 o - an ornate deck of war
 q - a plain deck of destruction {drawn: 1}
 t - a plain deck of destruction
 w - a plain deck of war
 C - an ornate deck of escape
 G - a plain deck of war


   Skills:
 + Level 8.3 Fighting
 * Level 6.5 Long Blades
 - Level 1.5 Axes
 - Level 3.8 Dodging
 - Level 2.4 Stealth


You had 7 spell levels left.
You didn't know any spells.

Dungeon Overview and Level Annotations

Branches:
Dungeon (6/15)             Temple (1/1) D:5

Altars:
Ashenzari
Cheibriados
Dithmenos
Elyvilon
Fedhas
Gozag
Makhleb
Nemelex Xobeh
Okawaru
Qazlal
Ru
Sif Muna
Trog
Vehumet
Xom
Yredelemnul
Zin
The Shining One

Annotations:
D:3 cireshan's ghost, weakling DECj


Innate Abilities, Weirdness & Mutations

You do not eat or drink.
Your flesh is vulnerable to fire.
You are immune to poison.
Your flesh is cold resistant.
You are immune to negative energy.
You are immune to unholy pain and torment.
You can survive without breathing.


Message History

Firing (i - inventory. (,) - cycle):
A - 44 bolts (quivered)
Press: ? - help, Shift-Dir - straight line, f/p - ogre
Aim: an ogre, wielding a giant spiked club (moderately wounded)
You shoot a bolt. The bolt hits the ogre.
The ogre is moderately wounded.
Firing (i - inventory. (,) - cycle):
A - 43 bolts (quivered)
Press: ? - help, Shift-Dir - straight line, f/p - ogre
Aim: an ogre, wielding a giant spiked club (moderately wounded)
You shoot a bolt. The bolt closely misses the ogre.
The ogre hits you with a giant spiked club!
Damage: 9 (max 9) Fire/throw which item? (* to show all) (? for menu, Esc to quit)
Press: ? - help, Shift-Dir - straight line, f/p - ogre
Aim: an ogre, wielding a giant spiked club (moderately wounded)
You toss away a scroll of identify.
The scroll of identify hits the ogre but does no damage.
The ogre is moderately wounded.
The ogre closely misses you.
Fire/throw which item? (* to show all) (? for menu, Esc to quit)
Press: ? - help, Shift-Dir - straight line, f/p - ogre
Aim: an ogre, wielding a giant spiked club (moderately wounded)
You toss away a scroll of identify.
The scroll of identify hits the ogre but does no damage.
The ogre is moderately wounded.
The ogre hits you with a giant spiked club!
* * * LOW HITPOINT WARNING * * *
Damage: 16 (max 16) Unknown command.
Fire/throw which item? (* to show all) (? for menu, Esc to quit)
Press: ? - help, Shift-Dir - straight line, f/p - ogre
Aim: an ogre, wielding a giant spiked club (moderately wounded)
You toss away a scroll of identify.
The scroll of identify hits the ogre but does no damage.
The ogre is moderately wounded.
The ogre closely misses you.
Fire/throw which item? (* to show all) (? for menu, Esc to quit)
Press: ? - help, Shift-Dir - straight line, f/p - ogre
Aim: an ogre, wielding a giant spiked club (moderately wounded)
Okay, then.
Unknown command.
Quiver which item? (- for none, * to show all) (? for menu, Esc to quit)
Quivering
F - 5 poisoned tomahawks for throwing.
Throwing (i - inventory. (,) - cycle):
F - 5 poisoned tomahawks (quivered)
Press: ? - help, Shift-Dir - straight line, f/p - ogre
Aim: an ogre, wielding a giant spiked club (moderately wounded)
You throw a poisoned tomahawk. The poisoned tomahawk hits the ogre.
The ogre is heavily wounded.
The ogre hits you with a giant spiked club!!
You die...
Your body glows slightly and disappears.

#.# #.## #. #.#####..##
#. #.##....#.## #)
######.#....###.## #.
##.>........## ##.####.
##<..#...#....###.......
#............#.#.######.
#....##..##...#.## #.
#.#.###@.###..### #.
#.#.# #.O###..# #.
##.#.###..?.#..# #.
#.......#.#?#..# #.
#.#####.#.#.#..### #. #.
#.#.#.#<...# #. #.
#(..(.).##. #. #.
#.#.#.####. #. #.#.#.#
#> #.


You could see an ogre.

Vanquished Creatures
  Duvessa (D:5)
  An ogre (D:5)
  A necrophage (D:5)
  A centaur (D:6)
  A giant frog (D:5)
  Blork the orc (D:4)
  Dowan (D:5)
  12 scorpions
  A big kobold (D:6)
  A centaur zombie (Ossuary)
  4 human zombies
  Jessica (D:3)
  A giant frog skeleton (D:5)
  3 human skeletons (D:4)
  2 orc priests (D:5)
  A hound (D:4)
  3 iguanas
  4 worker ants
  A big kobold zombie (Ossuary)
  A hound skeleton (D:4)
  2 mummies (Ossuary)
  9 adders
  3 scorpion zombies (Ossuary)
  A shadow imp (D:5)
  An ooze (D:2)
  A worm (D:4)
  2 giant geckos (D:4)
  7 orcs
  9 hobgoblins
  2 quokkas
  A ball python (D:1)
  3 bats
  6 giant cockroaches
  4 giant newts
  5 gnoll zombies (Ossuary)
  2 goblins (D:1)
  4 goblin zombies (Ossuary)
  2 jackal skeletons (D:4)
  11 kobolds
  A kobold zombie (Ossuary)
  5 orc zombies
  4 rats
127 creatures vanquished.

Vanquished Creatures (others)
  A mummy (Ossuary)
  A goblin zombie (Ossuary)
2 creatures vanquished.

Grand Total: 129 creatures vanquished

Notes
Turn   | Place    | Note
--------------------------------------------------------------
     0 | D:1      | Gorice the Mummy Wanderer began the quest for the Orb.
     0 | D:1      | Gorice set off with: a +2 dagger, a scroll of fear {!r}, a +0 hand crossbow, 27 bolts, a scroll of teleportation {!r}, a +0 robe
     0 | D:1      | Reached XP level 1. HP: 19/19 MP: 1/1
   487 | D:1      | Reached XP level 2. HP: 19/25 MP: 2/2
  1063 | D:2      | Reached XP level 3. HP: 29/31 MP: 3/3
  1156 | D:2      | Reached skill level 2 in Dodging
  1172 | D:2      | Found a faded altar to an unknown god.
  1217 | D:2      | Became a worshipper of Nemelex Xobeh the Trickster
  1217 | D:2      | Received a gift from Nemelex Xobeh
  1321 | D:2      | Received a gift from Nemelex Xobeh
  1788 | D:3      | Noticed cireshan's ghost (weakling DECj)
  1811 | D:2      | Reached skill level 5 in Fighting
  1811 | D:2      | Reached XP level 4. HP: 36/39 MP: 4/4
  1887 | D:3      | Noticed Jessica
  1896 | D:3      | Killed Jessica
  1989 | D:3      | Found an opulent altar of Gozag.
  2388 | D:4      | Found a bloodstained altar of Trog.
  2527 | D:4      | Received a gift from Nemelex Xobeh
  2529 | D:4      | Noticed Blork the orc
  2557 | D:4      | Killed Blork the orc
  2557 | D:4      | Reached XP level 5. HP: 21/46 MP: 5/5
  2571 | D:4      | Reached skill level 6 in Fighting
  2571 | D:4      | Reached skill level 3 in Dodging
  2600 | D:4      | Found a sand-covered staircase.
  2608 | D:4      | HP: 12/46 [human zombie (5)]
  2840 | Ossuary  | Entered an ossuary
  2870 | Ossuary  | Reached XP level 6. HP: 49/53 MP: 6/6
  2948 | Ossuary  | Reached skill level 1 in Long Blades
  2998 | Ossuary  | Reached XP level 7. HP: 32/59 MP: 7/7
  3012 | Ossuary  | Reached skill level 2 in Long Blades
  3339 | Ossuary  | Reached skill level 7 in Fighting
  3339 | Ossuary  | Reached skill level 3 in Long Blades
  3582 | Ossuary  | Reached skill level 4 in Long Blades
  3689 | D:4      | Reached XP level 8. HP: 58/67 MP: 8/8
  4035 | D:4      | Received a gift from Nemelex Xobeh
  4503 | D:5      | Entered Level 5 of the Dungeon
  4517 | D:5      | Acquired Nemelex Xobeh's first power
  4654 | D:5      | Received a gift from Nemelex Xobeh
  4750 | D:5      | Reached skill level 5 in Long Blades
  4816 | D:5      | HP: 20/68 [orc priest/divine providence (12)]
  5197 | D:5      | Found a staircase to the Ecumenical Temple.
  5228 | Temple   | Entered the Ecumenical Temple
  5363 | D:5      | Received a gift from Nemelex Xobeh
  5369 | D:5      | Noticed Duvessa
  5371 | D:5      | Noticed Dowan
  5382 | D:5      | Killed Duvessa
  5382 | D:5      | Reached skill level 8 in Fighting
  5389 | D:5      | Killed Dowan
  5389 | D:5      | Reached skill level 6 in Long Blades
  5774 | D:6      | Acquired Nemelex Xobeh's second power
  5787 | D:6      | HP: 17/68 [orc warrior/trident (7)]
  5794 | D:5      | HP: 14/68 [giant frog (2)]
  6124 | D:6      | Received a gift from Nemelex Xobeh
  6295 | D:6      | HP: 17/69 [ogre/giant spiked club (16)]
  6298 | D:6      | Slain by an ogre

Vault maps used:
D:1:      dpeg_arrival_court, serial_forest, infiniplex_forest_lined_2,
          infiniplex_forest_end_2, infiniplex_forest_clump_curved,
          infiniplex_forest_clump_small, infiniplex_forest_diagonal,
          infiniplex_forest_clump_small
D:2:      ecumenical_altar_2, serial_glass, glass_columns_a, glass_columns_a
D:3:      nicolae_gozag_cash_rules_everything_around_me, uniq_jessica
D:4:      nicolae_ossuary_entry_catacombs, first_bread, bloody_trog,
          uniq_blork_the_orc
D:5:      minmay_temple_entry_trees, uniq_duvessa
D:6:      kennysheep_vampire_church, corexii_hall_statues_deadend
Temple:   grunt_circular_temple_18
Ossuary:  ossuary_minmay_scorpions

Action                   |  1- 3 |  4- 6 |  7- 9 || total
-------------------------+-------+-------+-------++-------
Melee: Dagger            |   123 |   185 |     1 ||   309
       Scimitar          |       |    62 |   291 ||   353
 Fire: Hand crossbow     |     3 |    16 |    60 ||    79
Throw: Stone             |     4 |       |       ||     4
       Tomahawk          |       |       |     1 ||     1
Evoke: Wand              |       |       |     1 ||     1
       Deck              |       |       |     1 ||     1
  Use: Scroll            |     6 |     3 |     2 ||    11
 Stab: Sleeping          |     2 |       |     2 ||     4

Table legend:
 A = Turns spent in this place as a percentage of turns spent in the entire game.
 B = Non-inter-level travel turns spent in this place as a percentage of non-inter-level travel turns spent in the entire game.
 C = Inter-level travel turns spent in this place as a percentage of turns spent in this place.
 D = Turns resting spent in this place as a percentage of non-inter-level travel turns spent in this place.
 E = Turns spent auto-exploring this place as a percentage of non-inter-level travel turns spent in this place.
 F = Non-inter-level travel turns spent in this place divided by the number of levels of this place that you've seen.
                   A       B       C       D       E      F
               +-------+-------+-------+-------+-------+----------------------
         Total | 100.0 | 100.0 |   0.4 |   1.1 |   5.1 | 306.0
       Dungeon |  81.0 |  81.0 |   0.5 |   0.7 |   5.3 | 330.5
        Temple |   0.8 |   0.7 |   5.3 |   0.0 |  94.4 |  18.0
       Ossuary |  18.2 |  18.3 |   0.0 |   2.7 |   0.7 | 447.0
               +-------+-------+-------+-------+-------+----------------------

Vault maps used:
D:1:      dpeg_arrival_court, serial_forest, infiniplex_forest_lined_2,
          infiniplex_forest_end_2, infiniplex_forest_clump_curved,
          infiniplex_forest_clump_small, infiniplex_forest_diagonal,
          infiniplex_forest_clump_small
D:2:      ecumenical_altar_2, serial_glass, glass_columns_a, glass_columns_a
D:3:      nicolae_gozag_cash_rules_everything_around_me, uniq_jessica
D:4:      nicolae_ossuary_entry_catacombs, first_bread, bloody_trog,
          uniq_blork_the_orc
D:5:      minmay_temple_entry_trees, uniq_duvessa
D:6:      kennysheep_vampire_church, corexii_hall_statues_deadend
Temple:   grunt_circular_temple_18
Ossuary:  ossuary_minmay_scorpions
